 Dungeon Crawl Stone Soup version 0.28.0-53-g5a82cb258f (webtiles) character file.

Game seed: 1933555720991269809

454 hawla the Magician (level 6, -2/76 HPs)
             Began as a Deep Elf Fire Elementalist on July 27, 2022.
             Slain by an orc
             ... wielding a +0 flail
              (6 damage)
             ... on level 4 of the Dungeon.
             The game lasted 00:10:32 (4083 turns).

hawla the Magician (Deep Elf Fire Elementalist)     Turns: 4083, Time: 00:10:33

Health: -2/76      AC: 23    Str:  7    XL:     6   Next: 76%
Magic:  1/17       EV:  2    Int: 20    God:
Gold:   150        SH:  0    Dex: 15    Spells: 14/17 levels left

rFire   . . .      SeeInvis .   h - +2 quarterstaff (chaos)
rCold   . . .      Faith    .   (shield currently unavailable)
rNeg    . . .      Spirit   .   (armour currently unavailable)
rPois   +          Reflect  .   (helmet currently unavailable)
rElec   .          Harm     .   (cloak currently unavailable)
rCorr   .          Rampage  .   (gloves currently unavailable)
Will    .....      NoTele   +   (boots currently unavailable)
Stlth   ..........              (no amulet)
HPRegen 0.22/turn               (no ring)
MPRegen 0.15/turn               (no ring)

@: berserking, tree-form, very quick
A: stationary, stasis, torment immunity, boosted hp
a: no special abilities


You were on level 4 of the Dungeon.
You were a tree.
You visited 1 branch of the dungeon, and saw 4 of its levels.

You collected 150 gold pieces.

Inventory:

Hand Weapons
 h - a +2 quarterstaff of chaos (weapon)
Missiles
 d - 12 poisoned darts
Armour
 a - a +0 robe (melded)
 i - a +2 cloak (melded)
Magical Staves
 c - a staff of air
Scrolls
 e - 2 scrolls of teleportation
 f - 2 scrolls of enchant weapon
Potions
 g - 2 potions of lignification
 k - a potion of berserk rage


   Skills:
 + Level 1.1 Fighting
 + Level 0.4 Staves
 + Level 3.1 Dodging
 + Level 3.5 Stealth
 + Level 6.0 Spellcasting
 + Level 2.5 Conjurations
 + Level 5.6 Fire Magic


You had 14 spell levels left.
You knew the following spells:

 Your Spells              Type           Power      Damage    Failure   Level
a - Foxfire               Conj/Fire      88%        2x1d8     1%          1
b - Scorch                Fire           56%        2d8       1%          2

Your spell library contained the following spells:

 Spells                   Type           Power      Damage    Failure   Level
 Conjure Flame            Conj/Fire      22%        6-21      6%          3
 Inner Flame              Hex/Fire       17%        N/A       10%         3
 Flame Wave               Conj/Fire      22%        2d7       19%         4
 Confusing Touch          Hex            6%         N/A       30%         3
 Yara's Violent Unravell  Hex/Tmut       3%         3d4       96%         5
 Enfeeble                 Hex            3%         N/A       100%        7


Dungeon Overview and Level Annotations

Branches:
Dungeon (4/15)
 Temple: D:4-7

Altars:


Message History

The kobold barely misses you. The orc hits you but does no damage.
You hit the orc priest but do no damage.
The orc barely misses you.
The orc priest hits you but does no damage.
The kobold hits you but does no damage. The orc hits you with a +0 flail.
* * * LOW HITPOINT WARNING * * *
The orc hits you but does no damage.
The orc priest hits you but does no damage.
Casting: Scorch (safe; 1% risk of failure)
Confirm with . or Enter, or press ? or * to list all spells.
You conjure some foxfire!
The orc is no longer more vulnerable to fire.
The kobold hits you but does no damage. The orc hits you with a +0 flail.
* * * LOW HITPOINT WARNING * * *
The orc hits you but does no damage.
The orc priest hits you but does no damage.
You are too injured to fight recklessly!
Unknown command.
It was a potion of berserk rage.
A red film seems to cover your vision as you go berserk!
You feel yourself moving faster!
You feel mighty!
The foxfire hits the kobold.
The kobold is severely wounded.
The foxfire hits the kobold.
You kill the kobold!
The orc hits you but does no damage. The orc hits you with a +0 short sword.
* * * LOW HITPOINT WARNING * * *
The orc priest hits you but does no damage.
You closely miss the orc priest. The orc hits you but does no damage.
You sock the orc priest! You freeze the orc priest!
You kill the orc priest!
The orc barely misses you.
Your Spellcasting skill increases to level 6!
You thump the adder zombie! You burn the adder zombie.
The adder zombie is severely damaged.
The orc barely misses you. The orc hits you but does no damage.
The adder zombie bites you but does no damage.
You sock the adder zombie!
You destroy the adder zombie!
The orc hits you with a +0 flail.
You die...

#...88.P# ....#
#...8...##### .....#
.####.......#<..#
......##.........))....†
#..... ####...#.#.#.###
#.....## ##.......###
###.#..)# #....#####
.....[)o# #....#
.#.##o♣###..#.....
......)......#..#..#
...#.#.####.##.....# .
#... #.#.....#. .<...
..# ...#.. #...[. ###
#... #..... ...#..


You could see 2 orcs.

Vanquished Creatures
  A howler monkey (D:4)
  A jelly (D:4)
  An orc priest (D:4)
  Crazy Yiuf (D:2)
  A gnoll shaman (D:3)
  Jessica (D:2)
  An orc wizard (D:4)
  Terence (D:2)
  8 gnolls (D:3)
  A howler monkey zombie (D:4)
  5 adders
  3 adder zombies (D:4)
  2 dart slugs
  8 orcs (D:3)
  5 ball pythons
  4 endoplasms
  A giant cockroach (D:1)
  10 goblins
  6 hobgoblins
  4 quokkas (D:1)
  6 bats
  3 frilled lizards (D:3)
  7 kobolds
  A quokka zombie (D:4)
  3 rats (D:3)
85 creatures vanquished.

Vanquished Creatures (collateral kills)
  2 foxfires (D:3)
2 creatures vanquished.

Vanquished Creatures (others)
  174 foxfires
  6 plants (D:3)
  A withered plant (D:4)
181 creatures vanquished.

Grand Total: 268 creatures vanquished

Notes
Turn   | Place    | Note
-------+----------+-------------------------------------------
     0 | D:1      | hawla the Deep Elf Fire Elementalist began the quest for
                  | the Orb.
     0 | D:1      | Reached XP level 1. HP: 10/10 MP: 6/6
   469 | D:1      | Reached XP level 2. HP: 9/15 MP: 5/8
  1378 | D:2      | Noticed Terence
  1392 | D:2      | Killed Terence
  1393 | D:2      | Reached XP level 3. HP: 12/19 MP: 2/10
  1536 | D:2      | Learned a level 2 spell: Scorch
  1589 | D:2      | Noticed Jessica
  1600 | D:2      | Killed Jessica
  1601 | D:2      | Reached XP level 4. HP: 24/24 MP: 7/11
  1641 | D:2      | Found a faded altar of an unknown god.
  2000 | D:2      | Reached skill level 4 in Spellcasting
  2322 | D:2      | Found a runed translucent door.
  2323 | D:2      | Noticed Crazy Yiuf
  2485 | D:2      | Killed Crazy Yiuf
  2651 | D:3      | Reached XP level 5. HP: 28/28 MP: 9/13
  3137 | D:3      | Reached skill level 1 in Fighting
  3521 | D:3      | Reached skill level 5 in Spellcasting
  3608 | D:3      | Reached XP level 6. HP: 34/34 MP: 13/15
  3899 | D:3      | Reached skill level 5 in Fire Magic
  4079 | D:4      | HP: 3/76 [orc/+0 short sword (3)]
  4082 | D:4      | Reached skill level 6 in Spellcasting
  4083 | D:4      | Slain by an orc

Illustrated notes

Levels and vault maps discovered:
D:1:      minmay_arrival_open_corners, layout_loops_ring
D:2:      layout_basic, hellmonk_ecumenical_altar_pennies_from_heaven,
          ebering_dispersal_statue_hall, uniq_jessica, uniq_crazy_yiuf_cottage,
          uniq_terence
D:3:      corexii_shack_village, layout_rooms, chequers_garden, wad_orctagon
D:4:      layout_basic, kennysheep_little_box, serial_undead, serial_undead_e,
          serial_undead_a, serial_undead_d, serial_undead_c, serial_undead_a,
          serial_undead_d, nrook_mini_backslash,
          hangedman_abyss_or_decor_jellyfish_corner

Skill      XL: |  1  2  3  4  5  6 |
---------------+-------------------+-----
Fire Magic     | 4 5 |  5.6
Dodging        | 3 |  3.1
Stealth        | 3 |  3.5
Spellcasting   | 4 5 6 |  6.0
Conjurations   | 2 |  2.5
Fighting       | 1 |  1.1
Staves         | |  0.4

Action                   |  1- 3 |  4- 6 || total
-------------------------+-------+-------++-------
Melee: Staff             |    23 |     3 ||    26
       Quarterstaff      |       |     9 ||     9
 Cast: Foxfire           |    37 |    69 ||   106
       Scorch            |       |    37 ||    37
  Use: Scroll            |     2 |     3 ||     5
       Potion            |     1 |     2 ||     3
Armor: Robe              |     4 |    20 ||    24
       Skin              |       |    14 ||    14
Dodge: Dodged            |    36 |    49 ||    85
